 Dungeon Crawl Stone Soup version 0.29-a0-275-g389c0b56f3 (webtiles) character file.

Game seed: 12949083833583746220

215 Anunax the Stinger (level 5, -10/24 HPs)
             Began as a Spriggan Venom Mage on Mar 5, 2022.
             Killed from afar by an oklob plant (23 damage)
             ... with a splash of acid
             ... on level 3 of the Dungeon on Mar 10, 2022.
             The game lasted 00:17:03 (4375 turns).

Anunax the Stinger (Spriggan Venom Mage)            Turns: 4375, Time: 00:17:03

Health: -10/24     AC: -2    Str:  4    XL:     5   Next: 60%
Magic:  6/12       EV: 17    Int: 19    God:
Gold:   149        SH:  0    Dex: 15    Spells: 12/13 levels left

rFire   . . .      SeeInvis +   (weapon restricted)
rCold   . . .      Faith    .   (no shield)
rNeg    . . .      Spirit   .   a - +0 robe
rPois   .          Reflect  .   (helmet restricted)
rElec   .          Harm     .   (no cloak)
rCorr   .          Rampage  .   (gloves unavailable)
Will    .....                   (boots unavailable)
Stlth   ++........              (no amulet)
HPRegen 0.08/turn               (no ring)
MPRegen 0.13/turn               (no ring)

@: corroded, very quick
A: very small, no large weapons, unfitting armour, see invisible, speed 3
a: no special abilities


You were on level 3 of the Dungeon.
You visited 1 branch of the dungeon, and saw 3 of its levels.

You collected 149 gold pieces.

Inventory:

Armour
 a - a +0 robe (worn)
Jewellery
 g - a ring of protection from fire
Scrolls
 e - a scroll of enchant weapon {unknown}
 f - 4 scrolls of teleportation {unknown}
 h - 4 scrolls of identify {unknown}
 j - 2 scrolls of blinking {unknown}
 n - a scroll of summoning {unknown}
 o - a scroll of amnesia {unknown}
Potions
 b - a potion of heal wounds {unknown}
 c - a potion of attraction {unknown}
 d - a potion of cancellation {unknown}
 i - a potion of ambrosia {unknown}
 k - 2 potions of flight {unknown}
 l - a potion of invisibility {unknown}
 m - a potion of haste {unknown}


   Skills:
 + Level 3.1 Dodging
 + Level 3.2 Stealth
 + Level 4.5 Spellcasting
 + Level 3.9 Transmutations
 + Level 4.5 Poison Magic


You had 12 spell levels left.
You knew the following spells:

 Your Spells              Type           Power      Damage    Failure   Level
a - Sting                 Tmut/Pois      80%        1d7       2%          1

Your spell library contained the following spells:

 Spells                   Type           Power      Damage    Failure   Level
 Poisonous Vapours        Pois/Air       24%        N/A       8%          2
 Olgreb's Toxic Radiance  Pois           21%        N/A       21%         4
 Mephitic Cloud           Conj/Pois/Air  10%        N/A       22%         3
 Gell's Gravitas          Tloc           4%         N/A       36%         3
 Lesser Beckoning         Tloc           4%         N/A       36%         3
 Stone Arrow              Conj/Erth      8%         3d7       36%         3
 Teleport Other           Tloc           4%         N/A       36%         3
 Animate Armour           Summ/Erth      8%         N/A       78%         4
 Lehudib's Crystal Spear  Conj/Erth      2%         10d2      100%        8


Dungeon Overview and Level Annotations

Branches:
Dungeon (3/15)

Altars:
Dithmenos
Fedhas
Kikubaaqudgha
Sif Muna
Wu Jian
Yredelemnul

Shops:
D:2 *

Annotations:
D:3 exclusion: oklob plant


Innate Abilities, Weirdness & Mutations

You are very small and have problems with some larger weapons.
You are too small for most types of armour.
You have supernaturally acute eyesight. (SInv)
You cover ground extremely quickly. (Speed+++)


Message History

The oklob plant is poisoned.
The oklob plant is lightly damaged.
Casting: Sting (safe; 2% risk of failure)
Confirm with . or Enter, or press ? or * to list all spells.
Aiming: Sting (safe; 2% risk of failure)
Press: ? - help, Shift-Dir - straight line, f/p - oklob plant
Aim: an oklob plant (lightly damaged, poisoned, 100% to hit)
The sting hits the oklob plant but does no damage.
The oklob plant looks even sicker.
The oklob plant is lightly damaged.
Casting: Sting (safe; 2% risk of failure)
Confirm with . or Enter, or press ? or * to list all spells.
Aiming: Sting (safe; 2% risk of failure)
Press: ? - help, Shift-Dir - straight line, f/p - oklob plant
Aim: an oklob plant (lightly damaged, very poisoned, 100% to hit)
The sting hits the oklob plant but does no damage.
The oklob plant looks even sicker.
The oklob plant is lightly damaged.
Casting: Sting (safe; 2% risk of failure)
Confirm with . or Enter, or press ? or * to list all spells.
Aiming: Sting (safe; 2% risk of failure)
Press: ? - help, Shift-Dir - straight line, f/p - oklob plant
Aim: an oklob plant (lightly damaged, very poisoned, 100% to hit)
The sting hits the oklob plant but does no damage.
The oklob plant looks as sick as possible!
The oklob plant is lightly damaged.
The oklob plant spits acid at you. The splash of acid hits you!
The acid corrodes you!
Casting: Sting (safe; 2% risk of failure)
Confirm with . or Enter, or press ? or * to list all spells.
Aiming: Sting (safe; 2% risk of failure)
Press: ? - help, Shift-Dir - straight line, f/p - oklob plant
Aim: an oklob plant (lightly damaged, extremely poisoned, 100% to hit)
The sting hits the oklob plant.
The oklob plant partially resists.
The oklob plant looks as sick as possible!
The oklob plant is lightly damaged.
The oklob plant spits acid at you. The splash of acid hits you!!
Ouch! That really hurt!
You die... # #.................. # #.................. # #.................. # #########...####.## # #...# #.# ##################### ##### #.## #♣PPPP.♣#P##P♣#.#PPP# #... #PPP.P♣.P♣P#PPP♣.PP.#

####
#.♣#.♣..P.PPPPPP@.P♣#############
#P.#PPP..♣P.PPP.P...#............
##P#PP.......#.PP.P##............
#♣P.P..≈≈≈≈≈....P..P#............
#P♣P..≈≈≈≈≈≈≈..PPPPP#............
#.P..≈≈≈≈≈≈≈≈≈...P♣P#...........<
#♣P.≈≈≈≈≈≈≈≈≈≈≈.#P#P#............
###.≈≈≈≈...≈≈≈≈..♣P♣#............
....≈≈≈≈._......♣P♣.#............


You could see an oklob plant (extremely poisoned).

Vanquished Creatures
  A hound (D:3)
  An orc wizard (D:3)
  3 gnolls (D:2)
  7 adders
  2 worms (D:2)
  2 dart slugs (D:1)
  2 orcs (D:3)
  3 bats
  4 endoplasms
  3 giant cockroaches
  4 goblins
  3 hobgoblins
  4 jackals (D:1)
  A kobold (D:1)
  6 quokkas
  8 ball pythons
  2 frilled lizards
  5 rats
61 creatures vanquished.

Vanquished Creatures (others)
  2 fungi (D:3)
  4 plants (D:3)
  15 toadstools (D:3)
21 creatures vanquished.

Grand Total: 82 creatures vanquished

Notes
Turn   | Place    | Note
-------+----------+-------------------------------------------
     0 | D:1      | Anunax the Spriggan Venom Mage began the quest for the Orb.
     0 | D:1      | Reached XP level 1. HP: 9/9 MP: 5/5
   328 | D:1      | Reached XP level 2. HP: 13/13 MP: 4/6
  1599 | D:2      | Reached XP level 3. HP: 16/16 MP: 3/8
  2278 | D:2      | Reached XP level 4. HP: 21/21 MP: 5/10
  2758 | D:2      | Found Urisyur's General Store.
  2804 | D:2      | Upgraded the game from 0.29-a0-251-g80730f7218 to
                  | 0.29-a0-275-g389c0b56f3
  3004 | D:3      | Found a faded altar of an unknown god.
  3023 | D:3      | Reached XP level 5. HP: 14/24 MP: 8/12
  3482 | D:3      | Found a shadowy altar of Dithmenos.
  3505 | D:3      | Found an ornate altar of the Wu Jian Council.
  3510 | D:3      | Found a shimmering blue altar of Sif Muna.
  3512 | D:3      | Found a basalt altar of Yredelemnul.
  3550 | D:3      | Found an ancient bone altar of Kikubaaqudgha.
  3888 | D:3      | Found a blossoming altar of Fedhas.
  3899 | D:3      | Noticed an oklob plant
  4375 | D:3      | Killed from afar by an oklob plant

Illustrated notes

Levels and vault maps discovered:
D:1:      co_arrival_square_in_a_square_in_a_square, layout_basic,
          chequers_mini_garden
D:2:      layout_basic, serial_shops, shop, serial_bayou_pond_a
D:3:      layout_basic, nicolae_overflow_hallway_of_the_gods, tgw_fedhas,
          chequers_ecumenical_altar_simple_redux

Skill      XL: |  1  2  3  4  5 |
---------------+----------------+-----
Transmutations | 2 3 |  3.9
Spellcasting   | 3 4 |  4.5
Dodging        | 3 |  3.1
Poison Magic   | 4 |  4.5
Stealth        | |  3.2

Action                   |  1- 3 |  4- 6 || total
-------------------------+-------+-------++-------
Melee: Unarmed           |       |    29 ||    29
       Punch             |       |     1 ||     1
 Cast: Sting             |    69 |    75 ||   144
Armor: Robe              |       |     1 ||     1
Dodge: Dodged            |    11 |    10 ||    21

Table legend: (Time is in decaauts)
 A = Elapsed time spent in this place.
 B = Non-inter-level travel time spent in this place.
 C = Inter-level travel time spent in this place.
 D = Time resting spent in this place.
 E = Time spent auto-exploring this place.
 F = Levels seen in this place.
 G = Mean time per level.
                   A        B        C        D        E       F      G
               +--------+--------+--------+--------+--------+-----+--------+
         Total |   3423 |   3279 |    144 |    427 |   2383 |   3 | 1141.0 |
       Dungeon |   3423 |   3279 |    144 |    427 |   2383 |   3 | 1141.0 |
               +--------+--------+--------+--------+--------+-----+--------+

Top non-repeatable levels by time:
     D:2: 1261 daAuts
     D:1: 1095 daAuts
     D:3: 1066 daAuts
